 Dungeon Crawl Stone Soup version 0.24.0-1-gfbc8707122 (webtiles) character file.

Game seed: 17072687504179120080, levelgen mode: deterministic

3876 MTVSty1e the Basher (level 10, -2/56 HPs)
             Began as a Gargoyle Fighter on Oct 28, 2019.
             Was a Believer of Okawaru.
             Slain by Snorg (5 damage)
             ... on level 10 of the Dungeon.
             The game lasted 00:10:15 (7901 turns).

MTVSty1e the Basher (Gargoyle Fighter)              Turns: 7901, Time: 00:10:16

Health: -2/56      AC: 25    Str: 22    XL:     10   Next: 19%
Magic:  8/10       EV:  7    Int: 10    God:    Okawaru [**....]
Gold:   108        SH: 11    Dex:  9    Spells: 9/9 levels left

rFire    . . .     SeeInvis .   B - +3 flail
rCold    . . .     Gourm    .   c - +0 shield
rNeg     + . .     Faith    .   C - +3 plate armour {MR+}
rPois    ∞         Spirit   .   (no helmet)
rElec    +         Reflect  .   j - scarf {cloud immunity}
rCorr    .         Harm     .   e - +0 pair of gloves
MR       ++...                  (no boots)
Stlth    ..........             (no amulet)
HPRegen  0.18/turn              i - ring of protection from magic
MPRegen  0.12/turn              (no ring)

@: heroism
A: negative energy resistance 1, electricity resistance, unbreathing,
petrification resistance, rot immunity, AC +7
a: Heroism, Renounce Religion


You were on level 10 of the Dungeon.
You worshipped Okawaru.
Okawaru was pleased with you.
You were not hungry.

You visited 2 branches of the dungeon, and saw 10 of its levels.

You collected 603 gold pieces.
You spent 495 gold pieces at shops.

Inventory:

Hand Weapons
 a - a +1 flail
 B - a +3 flail (weapon)
Armour
 c - a +0 shield (worn)
 e - a +0 pair of gloves (worn)
 j - a scarf of cloud immunity (worn)
 y - a +0 cloak
 C - a +3 plate armour of magic resistance (worn)
Jewellery
 i - a ring of protection from magic (left hand)
 t - an uncursed amulet of the gourmand {unknown}
Wands
 b - a wand of flame (25)
 r - a wand of digging (5)
 u - a wand of disintegration (3)
Scrolls
 g - 2 scrolls of remove curse
 k - 7 scrolls of teleportation
 l - a scroll of amnesia {unknown}
 o - 6 scrolls of enchant armour
 p - 4 scrolls of identify
 s - a scroll of fear
 w - a scroll of brand weapon {unknown}
 A - 2 scrolls of silence {unknown}
Potions
 d - a potion of ambrosia {unknown}
 h - 2 potions of flight {unknown}
 m - a potion of heal wounds
 n - a potion of magic {unknown}
 q - 2 potions of brilliance {unknown}
 v - a potion of mutation {unknown}
 x - 5 potions of curing
Comestibles
 f - 12 rations


   Skills:
 - Level 3.2(8.2) Fighting
 + Level 13.9(18.9) Maces & Flails
 - Level 3.2(8.2) Armour
 - Level 3.2(8.2) Shields


You had 9 spell levels left.
You didn't know any spells.
Your spell library contained the following spells:

 Spells                   Type           Power        Failure   Level  Hunger
 Confusing Touch          Hex            #.....       100%        1    ##.....
 Confuse                  Hex            #.......     100%        3    ####...
 Gell's Gravitas          Tloc           #.........   100%        3    ####...
 Petrify                  Tmut/Erth      #.......     100%        4    #####..
 Metabolic Englaciation   Hex/Ice        #.........   100%        5    ######.
 Yara's Violent Unravell  Hex/Tmut       #.........   100%        5    ######.


Dungeon Overview and Level Annotations

Branches:
Dungeon (8/15)             Temple (1/1) D:7             Orc (0/2) D:10
   Lair: D:8-11

Altars:
Ashenzari
Cheibriados
Dithmenos
Elyvilon
Fedhas
Gozag
Hepliaklqana
Kikubaaqudgha
Makhleb
Nemelex Xobeh
Okawaru
Qazlal
Ru
Sif Muna
Trog
Vehumet
Wu Jian
Xom
Yredelemnul
Zin
The Shining One
Beogh

Shops:
D:10 [

Annotations:
D:3 3 runed translucent doors, Tungsten's ghost, amateur OpAE
D:5 3 runed translucent doors, Elvalys's ghost, novice SpAs; theswoord's ghost, novice DsGl
D:10 Snorg


Innate Abilities, Weirdness & Mutations

You are resistant to torment.
Your stone body is resilient. (AC +7)
You are immune to poison.
You resist negative energy. (rN+)
You are resistant to electric shocks. (rElec)
You can survive without breathing.
You are immune to petrification.
You are immune to rotting.


Message History

You are too injured to fight recklessly!
You are too injured to fight recklessly!
You feel much better. You block Snorg's attack.
Snorg claws you but does no damage. Snorg claws you.
You gain the combat prowess of a mighty hero.
Snorg goes berserk!
You sock Snorg!
Snorg is moderately wounded.
Snorg bites you! Snorg claws you but does no damage. x2
Your plate armour prevents you from hitting Snorg.
Snorg is moderately wounded.
Snorg bites you! Snorg completely misses you. You block Snorg's attack.
You bludgeon Snorg!!
Snorg is heavily wounded.
Snorg bites you. Snorg claws you but does no damage. Snorg claws you!
* * * LOW HITPOINT WARNING * * *
Okay, then.
Snorg rages.
Snorg bites you.
You die...

#.....[......#
#............#.....#
#########'####..... #
...............[.. ..
......###..####..# ..#
###........# #..# ...#
...........####..###....#
......(.................#
.....>..........@T.......
#########################


You could see Snorg (berserk).

Vanquished Creatures
  Grinder (D:5)
  A hungry ghost (D:7)
  A water moccasin (D:7)
  2 ice beasts
  6 orc warriors
  3 phantoms
  3 sky beasts
  A centaur (D:5)
  5 ogres
  A crocodile (D:7)
  4 bullfrogs
  2 scorpions
  5 wights (D:8)
  A howler monkey (D:5)
  2 crimson imps
  2 jellies
  3 hounds (D:7)
  An orc priest (D:6)
  A gnoll shaman (D:7)
  An iguana (D:7)
  A bullfrog skeleton (D:5)
  Jessica (D:2)
  Ijyb (D:3)
  7 orc wizards
  4 worker ants
  10 gnolls
  9 adders
  A shadow imp (D:7)
  An ooze (D:3)
  An adder zombie (D:7)
  2 adder skeletons
  2 worms (D:2)
  2 dart slugs (D:1)
  3 leopard geckos
  12 orcs
  2 ball pythons
  3 giant cockroaches
  9 goblins
  7 hobgoblins
  25 jackals
  4 quokkas
  6 bats
  9 frilled lizards
  A giant cockroach zombie (D:6)
  2 jackal skeletons
  11 kobolds
  A quokka skeleton (D:4)
  9 rats
192 creatures vanquished.

Notes
Turn   | Place    | Note
-------+----------+-------------------------------------------
     0 | D:1      | MTVSty1e the Gargoyle Fighter began the quest for the Orb.
     0 | D:1      | Reached XP level 1. HP: 14/14 MP: 1/1
    58 | D:1      | Reached XP level 2. HP: 14/19 MP: 2/2
   104 | D:1      | Reached skill level 3 in Maces & Flails
   318 | D:1      | Reached XP level 3. HP: 15/23 MP: 3/3
   972 | D:2      | Reached skill level 4 in Maces & Flails
  1178 | D:2      | Reached XP level 4. HP: 28/28 MP: 4/4
  1221 | D:2      | Noticed Jessica
  1233 | D:2      | Killed Jessica
  1695 | D:3      | Reached skill level 5 in Maces & Flails
  1695 | D:3      | Reached XP level 5. HP: 32/32 MP: 5/5
  1736 | D:3      | Found a runed translucent gate.
  1737 | D:3      | Found a runed translucent gate.
  1737 | D:3      | Found a runed translucent gate.
  1739 | D:3      | Identified the +11 hunting sling "Qubranek" {venom, Str+3
                  | Dex+2 SInv}
  1739 | D:3      | Noticed Tungsten's ghost (amateur OpAE)
  1835 | D:3      | Noticed Ijyb
  1853 | D:3      | Killed Ijyb
  2076 | D:3      | Found a roughly hewn altar of Beogh.
  2301 | D:4      | Reached skill level 6 in Maces & Flails
  2488 | D:3      | Reached XP level 6. HP: 36/37 MP: 6/6
  2817 | D:4      | Reached skill level 7 in Maces & Flails
  2818 | D:4      | HP: 1/37 [something/puff of flame (11)]
  2831 | D:4      | HP: 4/82 [something (2)]
  3252 | D:4      | Noticed a phantom
  3299 | D:4      | Killed a phantom
  3299 | D:4      | Reached XP level 7. HP: 39/41 MP: 7/7
  3450 | D:5      | Entered Level 5 of the Dungeon
  3493 | D:5      | Reached skill level 8 in Maces & Flails
  3944 | D:5      | Noticed Grinder
  3957 | D:5      | Killed Grinder
  3957 | D:5      | Reached skill level 9 in Maces & Flails
  3957 | D:5      | Reached XP level 8. HP: 32/46 MP: 8/8
  4239 | D:5      | Found a runed translucent gate.
  4239 | D:5      | Found a runed translucent gate.
  4239 | D:5      | Found a runed translucent gate.
  4239 | D:5      | Noticed Elvalys's ghost (novice SpAs)
  4240 | D:5      | Noticed theswoord's ghost (novice DsGl)
  4585 | D:6      | Reached skill level 10 in Maces & Flails
  5575 | D:7      | Reached skill level 11 in Maces & Flails
  5586 | D:7      | Reached XP level 9. HP: 40/51 MP: 9/9
  6008 | D:7      | Reached skill level 12 in Maces & Flails
  6109 | D:7      | Found a staircase to the Ecumenical Temple.
  6134 | Temple   | Entered the Ecumenical Temple
  6343 | Temple   | Became a worshipper of Warmaster Okawaru
  6911 | D:7      | Reached * piety under Okawaru
  7177 | D:8      | Reached skill level 13 in Maces & Flails
  7299 | D:8      | Reached XP level 10. HP: 56/56 MP: 10/10
  7458 | D:8      | You fall into a shaft and drop 2 floors!
  7458 | D:10     | Entered Level 10 of the Dungeon
  7586 | D:10     | Reached ** piety under Okawaru
  7672 | D:10     | Found a staircase to the Orcish Mines.
  7678 | D:10     | Found Vizaenlu's Armour Shoppe.
  7692 | D:10     | Bought a +3 plate armour of magic resistance for 495 gold
                  | pieces
  7888 | D:10     | Noticed Snorg
  7901 | D:10     | Slain by Snorg

Levels and vault maps discovered:
D:1:      lemuel_arrival_funnel, layout_rooms, grunt_decor_cap,
          minmay_tetromino_i2
D:2:      layout_loops_ring, uniq_jessica
D:3:      layout_basic, biasface_ghost_orc_armoury, grunt_ministairs_1,
          uniq_ijyb
D:4:      layout_basic, minivault_27
D:5:      layout_basic, gammafunk_ghost_cemetery, first_ration, uniq_grinder
D:6:      layout_basic
D:7:      cheibrodos_fzero, layout_cave_pods, minmay_temple_entry_trees
D:8:      minmay_weird_star, layout_loops_corners, lair_entry_dummy
D:10:     layout_stronghold, orc_david_3, minmay_guarded_unrand_vampires_tooth,
          uniq_snorg
Temple:   minmay_crystal_snake_temple

Skill      XL: |  1  2  3  4  5  6  7  8  9 |
---------------+----------------------------+-----
Maces & Flails | 3 4 5 6 7 9 11 13 | 13.9
Fighting       | |  3.2
Armour         | |  3.2
Shields        | |  3.2

Action                   |  1- 3 |  4- 6 |  7- 9 | 10-12 || total
-------------------------+-------+-------+-------+-------++-------
Melee: Flail             |   150 |   304 |   428 |    71 ||   953
Invok: Heroism           |       |       |       |     1 ||     1
  Use: Potion            |       |     3 |     2 |     1 ||     6
       Scroll            |       |       |    10 |       ||    10
  Eat: Ration            |       |     2 |     5 |       ||     7
       Chunk             |       |     1 |     4 |       ||     5
Armor: Scale mail        |   107 |   146 |    63 |       ||   316
       Skin              |       |     8 |       |       ||     8
       Plate armour      |       |       |   217 |    40 ||   257
Dodge: Dodged            |    77 |   101 |    71 |    12 ||   261
Block: Shield            |    93 |   148 |   178 |    31 ||   450
